BSA
VISTA PANTHERS @ ORLANDO CALRISSIAN
09/21/2027
 
TOP OF THE 1ST
Vista Panthers batting - Pitching for Orlando Calrissian : LHP Arturo Sánchez
Pitching: LHP Arturo Sánchez
Batting: RHB Justin Burgess 0-0: Ball
1-0: Ball
2-0: Ball
3-0: Called Strike
3-1: SINGLE (Groundball, 56D)
Batting: RHB Phil Matthews 0-0: Ground out 2-3 (Groundball, 15S)
Justin Burgess to second
Batting: RHB John Mendelson 0-0: Ball
1-0: SINGLE (Flyball, 7S)
Justin Burgess to third
Runner from 3rd tries for Home, SAFE, no throw
Batting: RHB Roberto Cruz 0-0: Called Strike
0-1: Ball
1-1: Ball
2-1: Foul Ball, location: 2F
2-2: Grounds into double play, 6-4-3 (Groundball, 6)
Top of the 1st over - 1 run(s), 2 hit(s), 0 error(s), 0 left on base; Vista 1 - Orlando 0
BOTTOM OF THE 1ST
Orlando Calrissian batting - Pitching for Vista Panthers : RHP Scott Walker
Pitching: RHP Scott Walker
Batting: RHB Júlio Negrón 0-0: Ball
1-0: Ball
2-0: Ball
3-0: Fly out, F8 (Flyball, 8LD)
Batting: LHB Santiago Márquez 0-0: Ball
1-0: Fly out, F8 (Line Drive, 8RM)
Batting: RHB Rich Anderson 0-0: Foul Ball, location: 2F
0-1: Ball
1-1: Ground out 6-3 (Groundball, 6)
Bottom of the 1st over - 0 run(s), 0 hit(s), 0 error(s), 0 left on base; Vista 1 - Orlando 0
TOP OF THE 2ND
Vista Panthers batting - Pitching for Orlando Calrissian : LHP Arturo Sánchez
Batting: LHB Bob Cunningham 0-0: Ground out 3-1 (Groundball, 34)
Batting: RHB Cisco Gatán 0-0: Foul Ball, location: 2F
0-1: Ball
1-1: Foul Ball, location: 2F
1-2: Ball
2-2: Ball
3-2: Fly out, F7 (Flyball, 7)
Batting: LHB Donovan Bird 0-0: Ball
1-0: Ball
2-0: Ball
3-0: Called Strike
3-1: Base on Balls
Batting: RHB Griswold Coleman 0-0: Called Strike
0-1: DOUBLE (Line Drive, 7LM)
Donovan Bird to third
Batting: RHB George Howard 0-0: Ball
1-0: Called Strike
1-1: Ball
2-1: SINGLE (Groundball, 56) (infield hit)
Donovan Bird scores
Griswold Coleman to third
Batting: RHB Justin Burgess 0-0: Ball
1-0: Fielders Choice at 2nd, 4-6 (Groundball, 4MD)
Top of the 2nd over - 1 run(s), 2 hit(s), 0 error(s), 1 left on base; Vista 2 - Orlando 0
BOTTOM OF THE 2ND
Orlando Calrissian batting - Pitching for Vista Panthers : RHP Scott Walker
Batting: SHB Tim Abbott 0-0: Ball
1-0: Called Strike
1-1: Ball
2-1: SINGLE (Line Drive, 34)
Batting: RHB Frederico Hernández 0-0: Fly out, F8 (Flyball, 78M)
Batting: RHB Pepe González 0-0: Ball
1-0: Called Strike
1-1: Hit by Pitch
Tim Abbott to second
Pinch Runner at 1st John Moore:
Batting: LHB Danny Allen 0-0: Called Strike
0-1: Ball
1-1: Grounds into double play, 3-6-3 (Groundball, 3)
Bottom of the 2nd over - 0 run(s), 1 hit(s), 0 error(s), 1 left on base; Vista 2 - Orlando 0
TOP OF THE 3RD
Vista Panthers batting - Pitching for Orlando Calrissian : LHP Arturo Sánchez
Now at 2B: John Moore
Batting: RHB Phil Matthews 0-0: Ball
1-0: Called Strike
1-1: Swinging Strike
1-2: Ball
2-2: Foul Ball, location: 2F
2-2: TRIPLE (Flyball, 8RXD)
Batting: RHB John Mendelson 0-0: Fly out, F7 (Flyball, 7)
Runner from 3rd tags up, SCORES, throw made
Batting: RHB Roberto Cruz 0-0: Ball
1-0: Ball
2-0: Ball
3-0: Base on Balls
Batting: LHB Bob Cunningham 0-0: Ball
1-0: Ball
2-0: Fly out, F8 (Flyball, 8LM)
Batting: RHB Cisco Gatán 0-0: Called Strike
0-1: Ball
1-1: Ball
2-1: Foul Ball, location: 2F
2-2: Foul Ball, location: 2F
2-2: SINGLE (Line Drive, 6)
Roberto Cruz to second
Batting: LHB Donovan Bird 0-0: Ball
1-0: Ball
2-0: Ball
3-0: Called Strike
3-1: Base on Balls
Roberto Cruz to third
Cisco Gatán to second
Batting: RHB Griswold Coleman 0-0: DOUBLE (Line Drive, 8LD)
Roberto Cruz scores
Cisco Gatán scores
Donovan Bird to third
Batting: RHB George Howard 0-0: Swinging Strike
0-1: Ball
1-1: Ball
2-1: Fly out, F6 (Popup, 6MD)
Top of the 3rd over - 3 run(s), 3 hit(s), 0 error(s), 2 left on base; Vista 5 - Orlando 0
BOTTOM OF THE 3RD
Orlando Calrissian batting - Pitching for Vista Panthers : RHP Scott Walker
Batting: RHB José Pérez 0-0: Called Strike
0-1: Called Strike
0-2: Foul Ball, location: 2F
0-2: Strikes out swinging
Batting: SHB Brian Price 0-0: Swinging Strike
0-1: Ball
1-1: Foul Ball, location: 2F
1-2: Foul Ball, location: 2F
1-2: Foul Ball, location: 2F
1-2: Ball
2-2: Foul Ball, location: 2F
2-2: SOLO HOME RUN (Flyball, 9LD), Distance : 340 ft
Batting: RHB Júlio Negrón 0-0: Swinging Strike
0-1: Ball
1-1: Fly out, F3 (Popup, 3L)
Batting: LHB Santiago Márquez 0-0: Called Strike
0-1: Foul Ball, location: 2F
0-2: Ground out U3 (Groundball, 3)
Bottom of the 3rd over - 1 run(s), 1 hit(s), 0 error(s), 0 left on base; Vista 5 - Orlando 1
TOP OF THE 4TH
Vista Panthers batting - Pitching for Orlando Calrissian : LHP Arturo Sánchez
Batting: RHB Justin Burgess 0-0: Called Strike
0-1: Called Strike
0-2: Strikes out swinging
Batting: RHB Phil Matthews 0-0: Ball
1-0: SINGLE (Line Drive, 78M)
Batting: RHB John Mendelson 0-0: Ball
Phil Matthews is caught stealing 2nd base
1-0: Ball
2-0: Ball
3-0: Base on Balls
Batting: RHB Roberto Cruz 0-0: Ball
1-0: Foul Ball, location: 2F
1-1: Called Strike
1-2: Ball
2-2: Strikes out looking
Top of the 4th over - 0 run(s), 1 hit(s), 0 error(s), 1 left on base; Vista 5 - Orlando 1
BOTTOM OF THE 4TH
Orlando Calrissian batting - Pitching for Vista Panthers : RHP Scott Walker
Batting: RHB Rich Anderson 0-0: Ball
1-0: Foul Ball, location: 2F
1-1: SOLO HOME RUN (Line Drive, 7LD), Distance : 347 ft
Batting: SHB Tim Abbott 0-0: Ground out 6-3 (Groundball, 6)
Batting: RHB Frederico Hernández 0-0: Ball
1-0: Called Strike
1-1: Fly out, F8 (Flyball, 89S)
Batting: RHB John Moore 0-0: Swinging Strike
0-1: DOUBLE (Line Drive, 78M)
Batting: LHB Danny Allen 0-0: Ball
1-0: Ground out 4-3 (Groundball, 34)
Bottom of the 4th over - 1 run(s), 2 hit(s), 0 error(s), 1 left on base; Vista 5 - Orlando 2
TOP OF THE 5TH
Vista Panthers batting - Pitching for Orlando Calrissian : LHP Arturo Sánchez
Pitching: RHP Aaron Abrams
Batting: LHB Bob Cunningham 0-0: SINGLE (Line Drive, 4MD)
Batting: RHB Cisco Gatán 0-0: Ball
1-0: Foul Ball, location: 2F
1-1: Ball
2-1: Foul Ball, location: 2F
2-2: Ball
3-2: Base on Balls
Bob Cunningham to second
Batting: LHB Donovan Bird 0-0: 3-RUN HOME RUN (Flyball, 9LD), Distance : 360 ft
Pitching: RHP Carlos Díaz
Batting: RHB Griswold Coleman 0-0: Fly out, F5 (Popup, 5L)
Batting: RHB George Howard 0-0: Ball
1-0: Foul Ball, location: 2F
1-1: Ball
2-1: DOUBLE (Line Drive, 78XD)
Batting: RHB Justin Burgess 0-0: Ball
1-0: SINGLE (Line Drive, 56D)
George Howard to third
Runner from 3rd tries for Home, SAFE, no throw
Batting: RHB Phil Matthews 0-0: Called Strike
0-1: SINGLE (Flyball, 6MD)
Justin Burgess to second
Justin Burgess to third
Batting: RHB John Mendelson 0-0: Called Strike
0-1: Grounds into double play, 4-6-3 (Groundball, 4)
Top of the 5th over - 4 run(s), 5 hit(s), 0 error(s), 1 left on base; Vista 9 - Orlando 2
BOTTOM OF THE 5TH
Orlando Calrissian batting - Pitching for Vista Panthers : RHP Scott Walker
Batting: RHB José Pérez 0-0: Foul Ball, location: 2F
0-1: Ball
1-1: Swinging Strike
1-2: Ball
2-2: SINGLE (Groundball, 6MD)
Batting: SHB Brian Price 0-0: Ball
1-0: Ball
2-0: Foul Ball, location: 2F
2-1: Grounds into double play, 4-6-3 (Groundball, 4)
Batting: RHB Júlio Negrón 0-0: Ball
1-0: Called Strike
1-1: Ball
2-1: Ball
3-1: Foul Ball, location: 2F
3-2: Base on Balls
Batting: LHB Santiago Márquez 0-0: Ball
1-0: Called Strike
1-1: Ball
2-1: Foul Ball, location: 2F
2-2: Ball
3-2: SINGLE (Groundball, 34D)
Júlio Negrón to second
Júlio Negrón to third
Batting: RHB Rich Anderson 0-0: Ball
Wild Pitch!
Júlio Negrón scores
Santiago Márquez to second
1-0: Ball
2-0: Ball
3-0: Base on Balls
Batting: SHB Tim Abbott 0-0: Foul Ball, location: 2F
0-1: Ball
1-1: Foul Ball, location: 2F
1-2: Fielders Choice at 2nd, 6-4 (Groundball, 6)
Bottom of the 5th over - 1 run(s), 2 hit(s), 0 error(s), 1 left on base; Vista 9 - Orlando 3
TOP OF THE 6TH
Vista Panthers batting - Pitching for Orlando Calrissian : RHP Carlos Díaz
Batting: RHB Roberto Cruz 0-0: Swinging Strike
0-1: Ball
1-1: Fly out, F8 (Flyball, 8RM)
Batting: LHB Bob Cunningham 0-0: Ball
1-0: Ball
2-0: Ball
3-0: Base on Balls
Batting: RHB Cisco Gatán 0-0: Ball
1-0: Swinging Strike
Bob Cunningham is caught stealing 2nd base
1-1: Ball
2-1: Foul Ball, location: 2F
2-2: Foul Ball, location: 2F
2-2: Ball
3-2: Base on Balls
Batting: LHB Donovan Bird 0-0: Ball
1-0: Foul Ball, location: 2F
1-1: Ball
2-1: Ball
3-1: Base on Balls
Cisco Gatán to second
Batting: RHB Griswold Coleman 0-0: Ball
1-0: Ball
2-0: Ball
3-0: Base on Balls
Cisco Gatán to third
Donovan Bird to second
Batting: RHB George Howard 0-0: Ball
1-0: Ball
2-0: Ball
3-0: Base on Balls
Cisco Gatán scores
Donovan Bird to third
Griswold Coleman to second
Batting: RHB Justin Burgess 0-0: Ball
1-0: Fly out, F7 (Flyball, 7S)
Top of the 6th over - 1 run(s), 0 hit(s), 0 error(s), 3 left on base; Vista 10 - Orlando 3
BOTTOM OF THE 6TH
Orlando Calrissian batting - Pitching for Vista Panthers : RHP Scott Walker
Batting: RHB Frederico Hernández 0-0: Foul Ball, location: 2F
0-1: Swinging Strike
0-2: Ball
1-2: Ground out 5-3 (Groundball, 5)
Batting: RHB John Moore 0-0: Hit by Pitch
Batting: LHB Danny Allen 0-0: Foul Ball, location: 2F
0-1: Ball
1-1: Ball
2-1: Foul Ball, location: 2F
2-2: Ball
3-2: Fielders Choice at 2nd, 3-6 (Groundball, 34)
Batting: RHB José Pérez 0-0: Called Strike
Pickoff Throw by Catcher to First - Error! E2
Danny Allen to second
0-1: Ground out 5-3 (Groundball, 56)
Bottom of the 6th over - 0 run(s), 0 hit(s), 1 error(s), 1 left on base; Vista 10 - Orlando 3
TOP OF THE 7TH
Vista Panthers batting - Pitching for Orlando Calrissian : RHP Carlos Díaz
Batting: RHB Phil Matthews 0-0: Ground out 4-3 (Groundball, 4)
Batting: RHB John Mendelson 0-0: Swinging Strike
0-1: Ball
1-1: Ball
2-1: Ball
3-1: Called Strike
3-2: Foul Ball, location: 2F
3-2: Base on Balls
Batting: RHB Roberto Cruz 0-0: Foul Ball, location: 2F
0-1: Ball
1-1: Fly out, F7 (Flyball, 7LSF)
Batting: LHB Bob Cunningham 0-0: Ball
1-0: Ball
2-0: Called Strike
2-1: Fly out, F5 (Popup, 6S)
Top of the 7th over - 0 run(s), 0 hit(s), 0 error(s), 1 left on base; Vista 10 - Orlando 3
BOTTOM OF THE 7TH
Orlando Calrissian batting - Pitching for Vista Panthers : RHP Scott Walker
Batting: SHB Brian Price 0-0: Swinging Strike
0-1: Ball
1-1: DOUBLE (Line Drive, 78XD)
Pitching: LHP Mario Tobías
Batting: RHB Júlio Negrón 0-0: Ball
1-0: Foul Ball, location: 2F
1-1: Ball
2-1: Fly out, F7 (Line Drive, 7)
Batting: LHB Santiago Márquez 0-0: Foul Ball, location: 2F
0-1: Ball
1-1: Ball
2-1: Foul Ball, location: 2F
2-2: Foul Ball, location: 2F
2-2: Strikes out swinging
Batting: RHB Rich Anderson 0-0: 2-RUN HOME RUN (Flyball, 7D), Distance : 451 ft
Batting: SHB Tim Abbott 0-0: Ball
1-0: Fly out, F8 (Flyball, 8LD)
Bottom of the 7th over - 2 run(s), 2 hit(s), 0 error(s), 0 left on base; Vista 10 - Orlando 5
TOP OF THE 8TH
Vista Panthers batting - Pitching for Orlando Calrissian : RHP Carlos Díaz
Pitching: RHP Dave Heath
Batting: RHB Cisco Gatán 0-0: Called Strike
0-1: Ball
1-1: Called Strike
1-2: Ball
2-2: Ball
3-2: Ground out 6-3 (Groundball, 6)
Batting: LHB Donovan Bird 0-0: Foul Ball, location: 2F
0-1: Called Strike
0-2: Ball
1-2: Ground out 4-3 (Groundball, 4)
Batting: RHB Griswold Coleman 0-0: Called Strike
0-1: Ball
1-1: Ball
2-1: Called Strike
2-2: DOUBLE (Flyball, 8RD)
Batting: RHB George Howard 0-0: Ball
1-0: Ground out 4-3 (Groundball, 34)
Top of the 8th over - 0 run(s), 1 hit(s), 0 error(s), 1 left on base; Vista 10 - Orlando 5
BOTTOM OF THE 8TH
Orlando Calrissian batting - Pitching for Vista Panthers : LHP Mario Tobías
Pitching: RHP Doug Singleton
Batting: RHB Frederico Hernández 0-0: Ball
1-0: Ball
2-0: Ball
3-0: Called Strike
3-1: Fly out, F9 (Flyball, 9LD)
Batting: RHB John Moore 0-0: Fly out, F7 (Flyball, 78M)
Batting: LHB Danny Allen 0-0: Ball
1-0: Ball
2-0: Foul Ball, location: 2F
2-1: Foul Ball, location: 2F
2-2: Foul Ball, location: 2F
2-2: Ball
3-2: Ground out 4-3 (Groundball, 4)
Bottom of the 8th over - 0 run(s), 0 hit(s), 0 error(s), 0 left on base; Vista 10 - Orlando 5
TOP OF THE 9TH
Vista Panthers batting - Pitching for Orlando Calrissian : RHP Dave Heath
Pitching: LHP Xavier Velázquez
Batting: RHB Justin Burgess 0-0: Ball
1-0: SINGLE (Groundball, 6D)
Batting: RHB Phil Matthews 0-0: Called Strike
0-1: Swinging Strike
0-2: Fly out, F5 (Line Drive, 5)
Batting: RHB John Mendelson 0-0: Called Strike
0-1: Called Strike
0-2: Ball
1-2: Foul Ball, location: 2F
1-2: Foul Ball, location: 2F
1-2: DOUBLE (Flyball, 89D)
Justin Burgess to third
Batting: RHB Roberto Cruz 0-0: Ball
1-0: Foul Ball, location: 2F
1-1: Swinging Strike
1-2: Ground out 6-3 (Groundball, 6M)
Justin Burgess scores
John Mendelson to third
Batting: LHB Bob Cunningham 0-0: Swinging Strike
0-1: Swinging Strike
0-2: Foul Ball, location: 2F
0-2: Foul Ball, location: 2F
0-2: SINGLE (Line Drive, 6)
John Mendelson scores
Batting: RHB Cisco Gatán 0-0: Ball
1-0: Ball
2-0: Ground out 5-3 (Groundball, 56S)
Top of the 9th over - 2 run(s), 3 hit(s), 0 error(s), 1 left on base; Vista 12 - Orlando 5
BOTTOM OF THE 9TH
Orlando Calrissian batting - Pitching for Vista Panthers : RHP Doug Singleton
Now at 3B: Francisco Marino
Batting: RHB José Pérez 0-0: Swinging Strike
0-1: Ball
1-1: Called Strike
1-2: Foul Ball, location: 2F
1-2: Foul Ball, location: 2F
1-2: Ball
2-2: Foul Ball, location: 2F
2-2: Strikes out looking
Batting: SHB Brian Price 0-0: Called Strike
0-1: Foul Ball, location: 2F
0-2: Ball
1-2: Strikes out swinging
Batting: RHB Júlio Negrón 0-0: Ball
1-0: Called Strike
1-1: Swinging Strike
1-2: Ball
2-2: SINGLE (Line Drive, 7LS)
Batting: LHB Santiago Márquez 0-0: SINGLE (Groundball, 4MD)
Júlio Negrón to second
Batting: RHB Rich Anderson 0-0: Ball
1-0: Ball
2-0: Ball
3-0: Base on Balls
Júlio Negrón to third
Santiago Márquez to second
Batting: SHB Tim Abbott 0-0: Ball
1-0: Fly out, F9 (Line Drive, 9)
Bottom of the 9th over - 0 run(s), 2 hit(s), 0 error(s), 3 left on base; Vista 12 - Orlando 5
Thursday, March 30th, 2017 - OOTP Baseball 17.12 Build 75